 Dungeon Crawl Stone Soup version 0.25.1-1-g288607f (webtiles) character file.

Game seed: 2360096952007757100

446 RonnieColeman the Magician (level 7, -1/47 HPs)
             Began as an Octopode Fire Elementalist on Sept 10, 2020.
             Slain by an orc
             ... wielding a +0 hand axe
              (6 damage)
             ... on level 4 of the Dungeon.
             The game lasted 00:12:15 (4233 turns).

RonnieColeman the Magician (OpFE)                   Turns: 4233, Time: 00:12:15

Health: -1/47      AC:  1    Str:  5 (7)  XL:     7   Next: 3%
Magic:  11/11      EV: 16    Int: 17 (19) God:
Gold:   172        SH:  0    Dex: 11 (13) Spells: 13/14 levels left

rFire    + . .     SeeInvis .   e - +3 short sword (drain)
rCold    x . .     Gourm    .   (no shield)
rNeg     . . .     Faith    +   (helmet restricted)
rPois    .         Spirit   .   m - amulet of faith
rElec    .         Reflect  .   l - ring of resist corrosion
rCorr    +         Harm     .   p - ring of flight
MR       +....                  q - ring of fire
Stlth    ++........             a - +4 ring of evasion
HPRegen  0.15/turn              (no ring)
MPRegen  0.12/turn              (no ring)
                                (no ring)
                                (no ring)

@: heavily drained
A: almost no armour, stealthy swim, amphibious, 8 rings, constrict 8, camouflage
1, low mp 1, magic resistance 1, gelatinous body 1
a: Evoke Flight


You were on level 4 of the Dungeon.
You were not hungry.

You visited 1 branch of the dungeon, and saw 4 of its levels.
You also visited: Ossuary.

You collected 172 gold pieces.

Inventory:

Hand Weapons
 e - a +3 short sword of draining (weapon)
Jewellery
 a - a +4 ring of evasion (on tentacle)
 l - a ring of resist corrosion (left tentacle)
 m - an amulet of faith (around mantle)
 p - a ring of flight (right tentacle)
 q - a ring of fire (on tentacle)
Scrolls
 d - a scroll of magic mapping
 g - a scroll of teleportation
 h - 2 scrolls of remove curse
 k - a scroll of immolation
 u - a scroll of enchant weapon
Potions
 f - 2 potions of lignification
 i - a potion of stabbing {unknown}
 j - a potion of heal wounds
 n - 2 potions of flight
 s - a potion of degeneration
 t - 2 potions of might
 v - 2 potions of curing
Comestibles
 b - 5 rations
 c - 2 chunks of flesh


   Skills:
 * Level 3.8(1.2) Fighting
 - Level 2.0(0.0) Dodging
 - Level 2.6(0.2) Stealth
 * Level 4.1(1.5) Spellcasting
 + Level 2.8(0.3) Conjurations
 + Level 4.1(1.5) Fire Magic


You had 13 spell levels left.
You knew the following spells:

 Your Spells              Type           Power        Failure   Level  Hunger
a - Foxfire               Conj/Fire      #...         14%         1    ##.....

Your spell library contained the following spells:

 Spells                   Type           Power        Failure   Level  Hunger
 Conjure Flame            Conj/Fire      #.......     38%         3    ####...
 Inner Flame              Hex/Fire       #.......     41%         3    ####...
 Sticky Flame             Conj/Fire      #.......     80%         4    #####..
 Fireball                 Conj/Fire      #.........   98%         5    ######.


Dungeon Overview and Level Annotations

Branches:
Dungeon (4/15)            Ossuary (visited)
 Temple: D:4-7

Altars:


Innate Abilities, Weirdness & Mutations

You cannot wear most types of armour.
You are very stealthy in the water. (Stealth+)
You are amphibious.
You can wear up to eight rings at the same time.
You can use your tentacles to constrict eight enemies at once.
Your skin changes colour to match your surroundings (Stealth+).
Your rubbery body absorbs attacks. (AC +1, EV +1)
Your magical capacity is low. (-10% MP)
You are resistant to hostile enchantments. (MR+)


Message History

You miss something. The orc misses you.
You hear some strange, mumbled words.
A puff of flame appears from out of thin air!
The puff of flame hits you. You resist.
* * * LOW HITPOINT WARNING * * *
You hit something.
Reactivating autopickup.
You have reached level 7!
You feel a bit more experienced. The orc misses you.
Things that are here:
a +2 dagger of draining; a +0 robe; a scroll of remove curse You puncture the orc!
You kill the orc!
The orc barely misses you.
You see here a +0 mace.
You completely miss the orc. Your grab misses the orc.
Your squeeze misses the orc. The orc hits you but does no damage.
You barely miss the orc. You grab the orc. You constrict the orc.
The orc hits you with a +0 hand axe.
You die...

### #####.# ########
#.....#*******#.......
#.###.#,,,,,,,#.###### #.#
#.#,*****,*,* #.# #.#,*
**,*,****** #o# #.#,* *,,,,,,,,,,
********* #.# #o#,*###..#.#**###
,,,,,,,,* #.###@#,,..#..#.# #..
,,,,,,,,* #.).#.#,*#.#..#.# #.#
,,,,,,,,* ###)#.####.#..#.# #.#
,,,,,********#o#......#..#.# #.#
,,>,,',......Z.#####..#.?#.####.#
,,,,,**###.#..........#..#......#
,,,,,',,,,...)...................
,,,,,*,**#...#..#####.#..########
******,,.....#..# #.##.#


You could see an orc.

Vanquished Creatures
  3 water moccasin zombies (Ossuary)
  An orc priest (D:2)
  An orc wizard (D:4)
  4 big kobold zombies (Ossuary)
  2 mummies (Ossuary)
  2 adders
  2 adder zombies (Ossuary)
  2 worms
  3 dart slugs
  2 leopard geckos (D:1)
  6 orcs
  2 ball pythons
  A bat zombie (D:4)
  5 giant cockroaches
  8 goblins
  8 hobgoblins
  3 jackals (D:4)
  7 kobolds
  A quokka (D:2)
  9 bats
  7 frilled lizards
  2 gnoll zombies (Ossuary)
  5 hobgoblin zombies (Ossuary)
  4 kobold zombies (Ossuary)
  9 orc zombies (Ossuary)
  9 rats
108 creatures vanquished.

Vanquished Creatures (others)
  69 foxfires
69 creatures vanquished.

Grand Total: 177 creatures vanquished

Notes
Turn   | Place    | Note
-------+----------+-------------------------------------------
     0 | D:1      | RonnieColeman the Octopode Fire Elementalist began the
                  | quest for the Orb.
     0 | D:1      | Reached XP level 1. HP: 11/11 MP: 3/3
   218 | D:1      | Reached XP level 2. HP: 18/18 MP: 5/5
   335 | D:1      | Reached skill level 1 in Fighting
   899 | D:2      | Reached XP level 3. HP: 23/23 MP: 6/6
  1078 | D:2      | Found a faded altar of an unknown god.
  1757 | D:2      | Reached XP level 4. HP: 25/29 MP: 8/8
  2403 | D:3      | Reached XP level 5. HP: 33/34 MP: 9/9
  3170 | D:4      | Found a sand-covered staircase.
  3174 | Ossuary  | Entered an ossuary
  3336 | Ossuary  | HP: 1/35 [water moccasin zombie (5)]
  3337 | Ossuary  | Reached XP level 6. HP: 1/42 MP: 4/11
  3994 | Ossuary  | Gained mutation: You are frail. (-10% HP) [potion of
                  | mutation]
  3994 | Ossuary  | Gained mutation: You expend magic power (3 MP) to
                  | strengthen your wands. [potion of mutation]
  3994 | Ossuary  | Gained mutation: You evolve. [potion of mutation]
  3994 | Ossuary  | Gained mutation: You are surrounded by a mild repulsion
                  | field. (EV +2) [potion of mutation]
  3995 | Ossuary  | Lost mutation: You are frail. (-10% HP) [potion of
                  | mutation]
  3995 | Ossuary  | Lost mutation: You evolve. [potion of mutation]
  3995 | Ossuary  | Lost mutation: You expend magic power (3 MP) to strengthen
                  | your wands. [potion of mutation]
  3995 | Ossuary  | Gained mutation: Your magical capacity is low. (-10% MP)
                  | [potion of mutation]
  3995 | Ossuary  | Gained mutation: You are partially covered in molten
                  | scales. (AC +2) [potion of mutation]
  3996 | Ossuary  | Lost mutation: You are partially covered in molten scales.
                  | (AC +2) [potion of mutation]
  3996 | Ossuary  | Lost mutation: Your magical capacity is low. (-10% MP)
                  | [potion of mutation]
  3996 | Ossuary  | Lost mutation: You are surrounded by a mild repulsion
                  | field. (EV +2) [potion of mutation]
  3996 | Ossuary  | Gained mutation: Your magical capacity is low. (-10% MP)
                  | [potion of mutation]
  3996 | Ossuary  | Gained mutation: You are resistant to hostile enchantments.
                  | (MR+) [potion of mutation]
  4211 | D:4      | HP: 1/43 [something/puff of flame (5)]
  4212 | D:4      | Reached XP level 7. HP: 2/47 MP: 8/11
  4233 | D:4      | Slain by an orc

Illustrated notes

Levels and vault maps discovered:
D:1:      evilmike_arrival_fibonacci_small, layout_basic
D:2:      layout_loops_ring, chequers_ecumenical_altar_simple
D:3:      layout_basic, hangedman_abyss_or_decor_lesser_grid
D:4:      layout_basic, kennysheep_vampire_church, first_ration,
          nicolae_ossuary_entry_false_entrances, wad_floor_pattern_untrapped,
          nicolae_tso_besieged_by_evil

Skill      XL: |  1  2  3  4  5  6 |
---------------+-------------------+-----
Fighting       | 1 2 3 |  3.8
Spellcasting   | 3 4 |  4.1
Conjurations   | 2 |  2.8
Fire Magic     | 4 |  4.1
Dodging        | |  2.0
Stealth        | |  2.6

Action                   |  1- 3 |  4- 6 |  7- 9 || total
-------------------------+-------+-------+-------++-------
Melee: Short sword       |    79 |   143 |     3 ||   225
       Constrict         |    17 |    31 |     1 ||    49
       Tentacles         |     9 |    26 |       ||    35
       Unarmed           |     1 |       |       ||     1
 Cast: Foxfire           |     8 |    40 |       ||    48
  Use: Scroll            |       |    11 |       ||    11
       Potion            |       |     9 |       ||     9
 Stab: Sleeping          |    12 |     9 |       ||    21
  Eat: Chunk             |     3 |     4 |       ||     7
       Ration            |       |     1 |       ||     1
Armor: Skin              |     9 |    10 |       ||    19
Dodge: Dodged            |    49 |   110 |     2 ||   161
